 Dungeon Crawl Stone Soup version 0.30-a0-989-g0d87f670db (webtiles) character file.

Game seed: 5810487590337136955

1248 112233 the Magician (level 8, -5/60 HPs)
             Began as a Demonspawn Enchanter on Apr 4, 2023.
             Was an Initiate of Gozag.
             Killed by nerve-wracking pain
             ... invoked by an orc priest
              (12 damage)
             ... on level 6 of the Dungeon.
             The game lasted 00:08:28 (5441 turns).

112233 the Magician (Demonspawn Enchanter)          Turns: 5441, Time: 00:08:28

Health: -5/60      AC:  3    Str: 15    XL:     8   Next: 26%
Magic:  11/14      EV: 15    Int: 19    God:    Gozag
Gold:   156        SH:  5    Dex: 13    Spells: 10/15 levels left

rFire   . . .      SeeInvis .    a - +1 dagger (venom)
rCold   . . .      Faith    .    (no shield)
rNeg    . . .      Spirit   .    b - +0 robe
rPois   .          Reflect  +    e - +0 helmet
rElec   .          Rampage  .    (no cloak)
rCorr   .                        (no gloves)
Will    .....                    (no boots)
Stlth   ++                       c - amulet of reflection
HPRegen 0.30/turn                h - +6 ring of strength
MPRegen 0.14/turn                (no ring)

@: very slightly contaminated
A: claws 1, repulsion field 1, ignite blood 1
a: Renounce Religion, Potion Petition, Call Merchant, Bribe Branch


You were on level 6 of the Dungeon.
You worshipped Gozag.
Gozag was aware of your devotion.
You visited 2 branches of the dungeon, and saw 7 of its levels.

You collected 250 gold pieces.
You paid 94 gold pieces to Gozag.

Inventory:

Hand Weapons
 a - a +1 dagger of venom (weapon)
Armour
 b - a +0 robe (worn)
 e - a +0 helmet (worn)
Jewellery
 c - an amulet of reflection (around neck)
 h - a +6 ring of strength (left claw)
Wands
 g - a wand of roots (1)
Scrolls
 d - a scroll of magic mapping
 i - a scroll of immolation
 j - a scroll of blinking {unknown}
 k - 2 scrolls of identify {unknown}
 l - a scroll of fog {unknown}
 m - 2 scrolls of noise {unknown}
 n - a scroll of torment {unknown}


   Skills:
 + Level 4.1 Fighting
 - Level 0.8 Short Blades
 + Level 4.3 Dodging
 - Level 2.6 Stealth
 + Level 3.5 Unarmed Combat
 + Level 4.4 Spellcasting
 + Level 4.4 Hexes
 + Level 3.1 Summonings


You had 10 spell levels left.
You knew the following spells:

 Your Spells              Type           Power      Damage    Failure   Level
a - Ensorcelled Hibernat  Hex/Ice        24%        N/A       8%          2
b - Summon Guardian Gole  Hex/Summ       18%        N/A       9%          3

Your spell library contained the following spells:

 Spells                   Type           Power      Damage    Failure   Level
 Summon Small Mammal      Summ           64%        N/A       3%          1
 Confusing Touch          Hex            21%        N/A       6%          3
 Tukima's Dance           Hex            21%        N/A       6%          3
 Call Canine Familiar     Summ           16%        N/A       11%         3
 Kiss of Death            Conj/Necr      16%        2d6       13%         1
 Dazzling Flash           Conj/Hex       24%        N/A       16%         3
 Scorch                   Fire           8%         2d5       21%         2
 Hailstorm                Conj/Ice       4%         3d4       36%         3
 Vhi's Electric Charge    Tloc/Air       8%         N/A       36%         3
 Dispel Undead            Necr           4%         3d7       78%         4
 Flame Wave               Conj/Fire      4%         2d5       78%         4
 Ice Form                 Ice/Tmut       4%         N/A       78%         4
 Arcjolt                  Conj/Air       2%         1d12      98%         5
 Summon Cactus Giant      Summ           8%         N/A       99%         6
 Maxwell's Capacitive Co  Air            2%         ∞         100%        8
 Simulacrum               Ice/Necr       Unusable   N/A       N/A         6

Dungeon Overview and Level Annotations

Branches:
Dungeon (6/15)             Temple (1/1) D:6

Altars:
Ashenzari
Dithmenos
Fedhas
Gozag
Hepliaklqana
Kikubaaqudgha
Makhleb
Nemelex Xobeh
Okawaru
Qazlal
Ru
Trog
Uskayaw
Vehumet
Wu Jian
Xom
Yredelemnul

Shops:
D:1 [   D:2 ?:(

Annotations:
Temple 2 transporters


Innate Abilities, Weirdness & Mutations

You have sharp fingernails.
You are surrounded by a mild repulsion field. (EV +2)
Your demonic aura sometimes causes spilled blood to erupt in flames.


Message History

The orc warrior is moderately wounded.
The orc wizard casts a spell at you. The magic dart hits you!
The orc warrior closely misses you.
Unknown command.
You hit the orc warrior but do no damage.
The orc warrior looks as sick as possible!
The orc warrior is heavily wounded.
The orc priest misses you.
The orc wizard gestures at you while chanting.
The magic dart hits you. The orc warrior barely misses you.
The orc priest hits you with a +2 dagger of speed.
You closely miss the orc warrior.
The orc warrior is heavily wounded.
You block the orc warrior's attack. The orc priest closely misses you.
Unknown command.
You aren't carrying any potions.
Unknown command.
You closely miss the orc warrior.
The orc warrior is severely wounded.
The orc priest barely misses you. You block the orc warrior's attack.
The orc priest hits you with a +2 dagger of speed.
Unknown command.
You barely miss the orc warrior.
The orc warrior is almost dead.
You hear the brisk rusting of a drain nearby.
The orc warrior hits you with a +0 flail!
The orc priest calls down the wrath of Beogh upon you.
Pain shoots through your body!
* * * LOW HITPOINT WARNING * * *
This is a scroll of acquirement!
Something appears at your feet!
An orc comes into view. It is wielding a +0 hand axe.
The orc wizard points at you and mumbles some strange words.
The puff of flame hits you!
* * * LOW HITPOINT WARNING * * *
The orc warrior hits you but does no damage.
The orc priest invokes the aid of Beogh against you.
Pain shoots through your body!
You die...
Your body crumbles into a pile of gold.

...##. ......# #.......####.
......###............
....................
..........##.......#
#..................#
#......##..........###
......# #>.#..o....$#
......#####.#..o@..#$$$.....
##................####.....#
###..........o..### ....##
.............##..# ...#
............####.## ...#
.........o..###.... ....
...................# ....
(....≈≈≈≈≈.......###
...≈≈≈≈≈≈≈~≈.....#


You could see an orc warrior (extremely poisoned), an orc priest, an orc wizard
and an orc (wandering).

Vanquished Creatures
  Sigmund (D:4)
  Menkaure (D:5)
  A water moccasin (D:6)
  2 black bears
  An ogre (D:6)
  4 scorpions
  5 hounds
  An orc wizard (D:4)
  8 adders
  4 gnolls
  A worm (D:3)
  3 dart slugs
  6 orcs
  6 endoplasms
  6 giant cockroaches
  4 hobgoblins
  2 jackals (D:5)
  9 kobolds
  4 quokkas
  A ball python (D:4)
  3 bats
  2 frilled lizards
  10 goblins
  3 rats
88 creatures vanquished.

Notes
Turn   | Place    | Note
-------+----------+-------------------------------------------
     0 | D:1      | 112233 the Demonspawn Enchanter began the quest for the
                  | Orb.
     0 | D:1      | Reached XP level 1. HP: 13/13 MP: 3/3
   261 | D:1      | Found Weicafe's Antique Armour Emporium.
   320 | D:1      | Gained mutation: You have sharp fingernails. [demonic
                  | ancestry]
   320 | D:1      | Reached XP level 2. HP: 20/20 MP: 5/5
   691 | D:1      | Reached skill level 1 in Fighting
  1140 | D:2      | Reached XP level 3. HP: 19/26 MP: 6/6
  1310 | D:2      | Found Juimueto's Magic Scroll Boutique.
  1424 | D:2      | Found Curogupo's Weapon Emporium.
  1598 | D:2      | Found Xiarud's Book Boutique.
  2000 | D:4      | Reached skill level 1 in Unarmed Combat
  2003 | D:4      | Learned a level 2 spell: Ensorcelled Hibernation
  2080 | D:4      | Found a shadowy altar of Dithmenos.
  2154 | D:4      | Noticed a scorpion
  2166 | D:4      | Reached XP level 4. HP: 25/33 MP: 6/8
  2178 | D:4      | Killed a scorpion
  2295 | D:4      | Reached XP level 5. HP: 38/38 MP: 9/9
  3089 | D:4      | Learned a level 3 spell: Summon Guardian Golem
  3542 | D:4      | Found a basalt altar of Yredelemnul.
  3671 | D:5      | Entered Level 5 of the Dungeon
  3710 | D:5      | Noticed a black bear
  3726 | D:4      | Killed a black bear
  3727 | D:4      | Reached XP level 6. HP: 36/46 MP: 3/11
  3822 | D:5      | Reached skill level 1 in Summonings
  3906 | D:5      | Noticed Menkaure
  3919 | D:5      | Killed Menkaure
  3920 | D:5      | Gained mutation: Your demonic aura sometimes causes spilled
                  | blood to erupt in flames. [demonic ancestry]
  3920 | D:5      | Reached XP level 7. HP: 23/52 MP: 10/12
  3920 | D:5      | Noticed Sigmund
  4420 | D:4      | Killed Sigmund
  5251 | D:6      | Gained mutation: You are surrounded by a mild repulsion
                  | field. (EV +2) [demonic ancestry]
  5251 | D:6      | Reached XP level 8. HP: 60/60 MP: 11/14
  5277 | D:6      | Found a staircase to the Ecumenical Temple.
  5299 | Temple   | Entered the Ecumenical Temple
  5299 | Temple   | Found a transporter.
  5299 | Temple   | Found a transporter.
  5301 | Temple   | Found a transporter.
  5301 | Temple   | Found a transporter.
  5323 | Temple   | Became a worshipper of Gozag Ym Sagoz the Greedy
  5441 | D:6      | Identified a scroll of acquirement
  5441 | D:6      | Acquired the +2 helmet "Teochoh" {Will+ Dex+5}
  5441 | D:6      | Killed from afar by an orc priest

Illustrated notes

Levels and vault maps discovered:
D:1:      dpeg_arrival_subterranean_lakeside_camping, layout_basic,
          serial_shops, nicolae_shop_overgrown_old_shop
D:2:      layout_loops_cross, serial_shops, nicolae_shop_behind_doors,
          nicolae_shop_bloodbath_and_beyond, shop
D:3:      layout_basic, mainiacjoe_overflow_24_doors, kennysheep_cross_room,
          kennysheep_generic_room_12
D:4:      layout_loops_ring, lemuel_tele_altar,
          nicolae_dithmenos_through_a_glass_darkly, minmay_bent
D:5:      layout_rooms, uniq_menkaure, uniq_sigmund
D:6:      layout_layer_cave, temple_pool_b, gup_sewer_entry_spiral,
          ebering_ghost_rock_garden, minmay_misc_feat_four_crosses,
          minmay_ogre_servants
Temple:   hellmonk_temple_divided_pantheon

Skill      XL: |  1  2  3  4  5  6  7  8 |
---------------+-------------------------+-----
Dodging        | 2 3 4 |  4.3
Fighting       | 1 2 3 4 |  4.1
Unarmed Combat | 1 2 3 |  3.5
Spellcasting   | 3 4 |  4.4
Summonings     | 1 2 3 |  3.1
Hexes          | 4 |  4.4
Short Blades   | |  0.8
Stealth        | |  2.6

Action                     |  1- 3 |  4- 6 |  7- 9 || total
---------------------------+-------+-------+-------++-------
  Melee: Dagger            |   182 |   160 |    53 ||   395
         Punch             |     1 |     3 |     1 ||     5
   Cast: Ensorcelled Hiber |     2 |    13 |    13 ||    28
  Evoke: Wand              |       |     3 |     5 ||     8
    Use: Potion            |     3 |     8 |       ||    11
         Scroll            |       |     7 |     1 ||     8
   Stab: Sleeping          |    10 |    13 |     7 ||    30
         Invisible         |     1 |     1 |       ||     2
 Armour: Robe              |    43 |    30 |     7 ||    80
  Dodge: Dodged            |    97 |    84 |    32 ||   213
  Block: Other             |       |    16 |     7 ||    23
         Reflection        |       |       |     1 ||     1

Table legend: (Time is in decaauts)
 A = Elapsed time spent in this place.
 B = Non-inter-level travel time spent in this place.
 C = Inter-level travel time spent in this place.
 D = Time resting spent in this place.
 E = Time spent auto-exploring this place.
 F = Levels seen in this place.
 G = Mean time per level.
                   A        B        C        D        E       F      G
               +--------+--------+--------+--------+--------+-----+--------+
         Total |   5445 |   5177 |    268 |   1035 |   3154 |   7 |  777.9 |
       Dungeon |   5403 |   5143 |    260 |   1035 |   3149 |   6 |  900.5 |
        Temple |     41 |     33 |      8 |      0 |      5 |   1 |   41.0 |
               +--------+--------+--------+--------+--------+-----+--------+

Top non-repeatable levels by time:
     D:4: 1846 daAuts
     D:1: 1048 daAuts
     D:2: 988 daAuts
     D:3: 620 daAuts
     D:5: 493 daAuts
     D:6: 405 daAuts
  Temple: 41 daAuts
